[Event "*** Titled Tuesday Blitz"]
[Site "Chess.com"]
[Date "2020.04.21"]
[Round "4"]
[White "1977Ivan"]
[Black "swimmerchess"]
[Result "0-1"]
[WhiteElo "2689"]
[BlackElo "2836"]
[TimeControl "180+1"]
[EndTime "10:38:27 PDT"]
[Termination "swimmerchess won by resignation"]

1. e4 c5 2. Nc3 a6 3. f4 b5 4. Nf3 Bb7 5. d3 e6 6. g4 b4 7. Na4 d5 8. Qe2 Nf6 9. exd5 Bxd5 10. g5 Nfd7 11. Bg2 Be7 12. b3 O-O 13.
Bb2 Nc6 14. O-O-O Nb6 15. Nxb6 Qxb6 16. Ne5 Bxg2 17. Nd7 Qc7 18. Nxf8 Bxh1 19. Nxe6 fxe6 20. Qxe6+ Kh8 21. Qf7 Nd4 22. Re1 Qd8 23. Rxe7 Qg8 24. Qxg8+ Kxg8 25. Re5 Rc8 26. Kd2 Nf3+ 27. Ke3 Nxe5 28.
Bxe5 Kf7 0-1

[Event "*** Titled Tuesday Blitz"]
[Site "Chess.com"]
[Date "2020.04.21"]
[Round "4"]
[White "varacalli"]
[Black "Blagorod"]
[Result "1-0"]
[WhiteElo "2360"]
[BlackElo "2118"]
[TimeControl "180+1"]
[EndTime "10:38:27 PDT"]
[Termination "varacalli won by resignation"]

1. d4 d5 2. Nf3 Nc6 3. Bf4 Bg4 4. e3 e6 5. Nbd2 Bd6 6. Bg3 Nge7 7. Be2 O-O 8. a3 Nf5 9. c4 dxc4 10. Nxc4 Re8 11. O-O Nxg3 12. hxg3 Bf8 13. Rc1 Ne7 14. b4 c6 15. Re1 g6 16. Qb3 Bg7 17. a4 Nf5 18. Nfd2 Bxe2 19. Rxe2 Bxd4 20. g4 Bxe3 21. gxf5 Bxd2 22. Rxd2 Qg5 23. fxg6 hxg6 24. Qe3 Qh5 25. Rcd1 Kg7 26. Qe5+ Qxe5 27. Nxe5 Kf6 28. f4 Rh8 29.
Rd7 Raf8 30. Rxb7 g5 31. Nd7+ 1-0

[Event "*** Titled Tuesday Blitz"]
[Site "Chess.com"]
[Date "2020.04.21"]
[Round "4"]
[White "OparinGrigoriy"]
[Black "Incognito_Knight"]
[Result "1-0"]
[WhiteElo "2910"]
[BlackElo "2726"]
[TimeControl "180+1"]
[EndTime "10:38:28 PDT"]
[Termination "OparinGrigoriy won by resignation"]

1. Nf3 d5 2. g3 Nf6 3. Bg2 e6 4. c4 dxc4 5. Qa4+ Nbd7 6. Qxc4 a6 7. Qc2 c5 8. Nc3 Be7 9. O-O O-O 10. d4 b5 11. Ne5 Nxe5 12. dxe5 Nd5 13. Rd1 Bb7 14.
a3 b4 15. Nxd5 exd5 16. axb4 cxb4 17. Qb3 Qd7 18. Bxd5 Bxd5 19. Rxd5 Qb7 20. e4 a5 21. Be3 h6 22. Qd3 Rfe8 23. Raxa5 Rxa5 24. Rxa5 Bf8 25. h4 Qc7 26. Rb5 Qc6 27. Rd5 Ra8 28. Kg2 Ra2 29. b3 Rc2 30. Rd8 Rc3 31. Qd5 Qc7 32. Rd7 1-0

[Event "*** Titled Tuesday Blitz"]
[Site "Chess.com"]
[Date "2020.04.21"]
[Round "4"]
[White "Onwgs"]
[Black "DishonorOnYourCow"]
[Result "1-0"]
[WhiteElo "2482"]
[BlackElo "2297"]
[TimeControl "180+1"]
[EndTime "10:38:32 PDT"]
[Termination "Onwgs won on time"]

1. e4 e5 2. Bc4 Nc6 3. Nc3 Nf6 4. d3 Bc5 5. f4 d6 6. Nf3 Bg4 7. Na4 a6 8. Nxc5 dxc5 9. c3 b5 10. Bb3 exf4 11. Bxf4 c4 12. dxc4 Qxd1+ 13. Rxd1 O-O 14. cxb5 axb5 15. O-O Na5 16. Bc2 c6 17. h3 Bxf3 18.
gxf3 Nc4 19. b3 Nb2 20. Rd2 Rfd8 21. Rff2 Rxd2 22. Rxd2 Nh5 23. Be3 h6 24. Bb1 Na4 25. bxa4 Rxa4 26. e5 g5 27. Rd8+ Kg7 28. Bd4 Nf4 29. e6+ f6 30. e7 1-0

[Event "*** Titled Tuesday Blitz"]
[Site "Chess.com"]
[Date "2020.04.21"]
[Round "4"]
[White "KarpovVadim"]
[Black "thedjoker98"]
[Result "1-0"]
[WhiteElo "2319"]
[BlackElo "2479"]
[TimeControl "180+1"]
[EndTime "10:38:33 PDT"]
[Termination "KarpovVadim won by resignation"]

1. Nf3 d5 2. d4 Nf6 3. c4 c6 4.
e3 Bg4 5. Nc3 e6 6. h3 Bh5 7. g4 Bg6 8. Ne5 Nbd7 9. Nxg6 hxg6 10.
cxd5 exd5 11. Bg2 g5 12. Bd2 Bd6 13. Qc2 Qc7 14. O-O-O O-O-O 15. Kb1 Kb8 16. Rhe1 Rde8 17. Bc1 Nf8 18. e4 Nxe4 19. Nxe4 dxe4 20. Bxg5 Bf4 21. Bxf4 Qxf4 22. d5 cxd5 23. Rxd5 Ng6 24. Rf5 Qd6 25. Rxf7 Nf4 26. Rd1 Nd5 27. Qb3 Qb6 28. Rxd5 1-0

[Event "*** Titled Tuesday Blitz"]
[Site "Chess.com"]
[Date "2020.04.21"]
[Round "4"]
[White "Jadro9"]
[Black "exoticprincess"]
[Result "0-1"]
[WhiteElo "2710"]
[BlackElo "2872"]
[TimeControl "180+1"]
[EndTime "10:38:34 PDT"]
[Termination "exoticprincess won by resignation"]

1. e4 c6 2. Nc3 d5 3. Nf3 Bg4 4. h3 Bxf3 5. Qxf3 e6 6. g3 g6 7. Bg2 Nd7 8. d4 h5 9. Be3 Bh6 10. O-O-O Bxe3+ 11. Qxe3 Ne7 12. g4 Qc7 13. f4 O-O-O 14.
f5 gxf5 15. gxf5 Rhg8 16. fxe6 Rxg2 17. exd7+ Qxd7 18. Kb1 Rdg8 19. Qf3 f5 20. e5 Qe8 21. Ne2 h4 22. b3 R8g7 23. Nf4 R2g3 24. Qh5 Qxh5 25.
Nxh5 Rg8 26. Nxg3 hxg3 27. Rhg1 f4 28. h4 Rh8 29. Rh1 Nf5 30. Kc1 f3 31. Kd2 g2 32.
Rh2 Nxh4 0-1

[Event "*** Titled Tuesday Blitz"]
[Site "Chess.com"]
[Date "2020.04.21"]
[Round "4"]
[White "mitraasz"]
[Black "SirMittensofMittensville"]
[Result "0-1"]
[WhiteElo "2205"]
[BlackElo "2666"]
[TimeControl "180+1"]
[EndTime "10:38:35 PDT"]
[Termination "SirMittensofMittensville won by resignation"]

1. d4 Nf6 2. Nf3 e6 3. e3 d5 4.
Bd3 c5 5. Nbd2 Nc6 6. c3 Bd6 7. O-O O-O 8. e4 cxd4 9. cxd4 dxe4 10. Nxe4 Nxe4 11. Bxe4 Be7 12. Be3 Bf6 13. Rc1 Qd6 14. Qa4 Bd7 15. Rfd1 Nb4 16. Qb3 Rab8 17. a3 Bc6 18.
Bxc6 Nxc6 19. d5 exd5 20. Rxd5 Qe6 21. Rcd1 Rfe8 22. h3 h6 23. Nd4 Nxd4 24. Bxd4 Bxd4 25. R1xd4 Qe1+ 26. Kh2 Qxf2 27. Qd3 g6 28. b4 Re3 29.
Rd8+ Rxd8 30. Rxd8+ Kh7 31. Qd6 Re2 32. Qd5 Qf4+ 0-1

[Event "*** Titled Tuesday Blitz"]
[Site "Chess.com"]
[Date "2020.04.21"]
[Round "4"]
[White "lupta_robin"]
[Black "Hikaru"]
[Result "0-1"]
[WhiteElo "2536"]
[BlackElo "3226"]
[TimeControl "180+1"]
[EndTime "10:38:37 PDT"]
[Termination "Hikaru won by resignation"]

1. e4 c5 2. Nf3 d6 3. Bb5+ Nd7 4. d4 cxd4 5. Qxd4 a6 6. Bxd7+ Bxd7 7. c4 h6 8. Nc3 e5 9. Qd3 Nf6 10. O-O Qb8 11. a4 Be7 12. Rd1 O-O 13. Nd2 Rc8 14. Nf1 b5 15. axb5 axb5 16. Rxa8 Qxa8 17. cxb5 Qb7 18.
Ne3 Be6 19. Bd2 Bf8 20. Ra1 Nd7 21. Ned5 Nc5 22. Qe3 f5 23. f3 Bxd5 24. Nxd5 Qxb5 25. b4 Ne6 26. Rc1 Rxc1+ 27. Bxc1 Qc4 28. Qc3 Qe2 29. Qd2 Qb5 30. Bb2 fxe4 31. fxe4 Qc4 32. h3 Ng5 33. Nb6 Qc7 34. Qd5+ Kh7 35. Nc4 Qa7+ 36.
Kh2 Qf2 37. Qd2 Nf3+ 0-1

[Event "*** Titled Tuesday Blitz"]
[Site "Chess.com"]
[Date "2020.04.21"]
[Round "4"]
[White "artooon"]
[Black "fusaran"]
[Result "1-0"]
[WhiteElo "2648"]
[BlackElo "2465"]
[TimeControl "180+1"]
[EndTime "10:38:39 PDT"]
[Termination "artooon won on time"]

1. e4 c5 2. Nf3 d6 3. d4 cxd4 4. Nxd4 Nf6 5. Nc3 a6 6. Bg5 Nbd7 7. Bc4 e6 8. O-O Nc5 9. b4 b5 10. bxc5 bxc4 11. cxd6 Bxd6 12. Nc6 Qc7 13. e5 Bxe5 14. Nxe5 Qxe5 15. Qf3 Ra7 16. Bf4 Qf5 17. Qc6+ Bd7 18. Qb6 Ra8 19. Qb7 Rc8 20. Bd6 Qxc2 21. Rac1 Qg6 22.
Rfd1 Rd8 23. Bc7 Rc8 24. Bd6 Qf5 25. Na4 Qb5 26. Nb6 1-0

[Event "*** Titled Tuesday Blitz"]
[Site "Chess.com"]
[Date "2020.04.21"]
[Round "4"]
[White "FLamps8"]
[Black "AcsinteMatei"]
[Result "1-0"]
[WhiteElo "2525"]
[BlackElo "2254"]
[TimeControl "180+1"]
[EndTime "10:38:39 PDT"]
[Termination "FLamps8 won by resignation"]

1. d4 d5 2. Bf4 c5 3. e3 Nc6 4.
c3 Qb6 5. Qb3 c4 6. Qc2 Bf5 7.
Qc1 g6 8. Nf3 Bg7 9. Nbd2 f6 10.
e4 dxe4 11. Nxc4 Qd8 12. Nfd2 Nh6 13. Ne3 e5 14. dxe5 Nxe5 15. Bxe5 fxe5 16. Bb5+ Bd7 17. Bc4 Bf5 18. Qc2 Qg5 19. Nxe4 Bxe4 20. Qxe4 O-O-O 21. Bd5 Nf5 22. Bxb7+ Kb8 23. Ba6 Rd7 24. O-O Bh6 25.
Qb4+ Ka8 26. Bb5 Rc7 27. Nd5 Rhc8 28. Nxc7+ Rxc7 29. Bd3 Nh4 30. Be4+ 1-0

[Event "*** Titled Tuesday Blitz"]
[Site "Chess.com"]
[Date "2020.04.21"]
[Round "4"]
[White "Sviridov_Valery"]
[Black "EugeneRougon"]
[Result "1-0"]
[WhiteElo "2860"]
[BlackElo "2706"]
[TimeControl "180+1"]
[EndTime "10:38:40 PDT"]
[Termination "Sviridov_Valery won by resignation"]

1. Nf3 d5 2. g3 Bg4 3. Bg2 c6 4. d4 Nd7 5. O-O e6 6. Nbd2 Ngf6 7. Re1 Be7 8. e4 dxe4 9. Nxe4 Nxe4 10. Rxe4 Bf5 11. Re1 O-O 12. c3 Qb6 13. Qb3 Qa6 14. a4 Qb6 15. Qa2 a5 16. Nd2 Qd8 17. Qb3 Nb6 18.
Ne4 h6 19. Nc5 Ra7 20. h4 Nd7 21. Nxb7 Qc7 22. Nc5 Bxc5 23. dxc5 Nxc5 24. Qc4 Nd3 25. Rd1 Nxc1 26. Rdxc1 c5 27. b4 cxb4 28. cxb4 Qxc4 29. Rxc4 axb4 30. Rxb4 Bd3 31. a5 Rc8 32. Rb7 Rc7 33.
Rxc7 Rxc7 34. a6 Ra7 35. Bb7 Kf8 36. f4 Ke7 37. Kf2 Kd6 38. Rd1 1-0

[Event "*** Titled Tuesday Blitz"]
[Site "Chess.com"]
[Date "2020.04.21"]
[Round "4"]
[White "littleozy"]
[Black "H3nriqueTV"]
[Result "1-0"]
[WhiteElo "2401"]
[BlackElo "2142"]
[TimeControl "180+1"]
[EndTime "10:38:40 PDT"]
[Termination "littleozy won by resignation"]

1. d4 d5 2. Nc3 Nf6 3. Bg5 e6 4. e4 dxe4 5. Nxe4 Be7 6. Bxf6 Bxf6 7. Nf3 c6 8. Bd3 O-O 9. c3 h6 10. Qe2 Nd7 11. h4 Re8 12. Nd6 Re7 13. O-O-O Nf8 14.
Ne4 Re8 15. g4 Qa5 16. g5 Be7 17. gxh6 g6 18. Kb1 Nh7 19. Rdg1 Kh8 20. Ne5 Rf8 21.
h5 g5 22. Ng6+ fxg6 23. hxg6 Rf5 24. Ng3 Rf4 25. g7+ Kg8 26. Bxh7+ Kxh7 27. Qd3+ Qf5 28. Nxf5 exf5 29. Re1 Bf6 30. Re8 1-0

[Event "*** Titled Tuesday Blitz"]
[Site "Chess.com"]
[Date "2020.04.21"]
[Round "4"]
[White "korkmaz16"]
[Black "Karacsonyi_Gellert"]
[Result "0-1"]
[WhiteElo "2302"]
[BlackElo "2491"]
[TimeControl "180+1"]
[EndTime "10:38:46 PDT"]
[Termination "Karacsonyi_Gellert won by resignation"]

1. e4 c5 2. Nc3 Nc6 3. f4 g6 4. Nf3 Bg7 5. Bb5 d6 6. Bxc6+ bxc6 7. O-O Bg4 8. d3 e6 9. Qe1 Ne7 10. Qh4 Bxf3 11. Rxf3 d5 12. f5 exf5 13. Bg5 h6 14. Bf6 g5 15. Bxe7 Qxe7 16. Qh5 dxe4 17. Rxf5 exd3 18.
Ne4 Bd4+ 19. Kh1 Qxe4 20. Qxf7+ Kd8 21. cxd3 Qe7 22. Qg6 Rf8 23. Rxf8+ Qxf8 24. Qxc6 Rc8 25. Qd5+ Kc7 26. Rc1 Qd6 27. Qc4 Re8 28. b4 Qf4 29.
bxc5 Be5 30. g3 Qf3+ 31. Kg1 Rd8 32. Qf7+ Qxf7 0-1

[Event "*** Titled Tuesday Blitz"]
[Site "Chess.com"]
[Date "2020.04.21"]
[Round "4"]
[White "Hippotaner"]
[Black "KikaLaurincova"]
[Result "1-0"]
[WhiteElo "2244"]
[BlackElo "1976"]
[TimeControl "180+1"]
[EndTime "10:38:48 PDT"]
[Termination "Hippotaner won on time"]

1. e4 c5 2. Nf3 d6 3. g3 g6 4. Bg2 Bg7 5. O-O Nf6 6. d3 O-O 7. a4 Nc6 8. Nc3 Rb8 9. Be3 e6 10. h3 Qc7 11. Qd2 b6 12. Bh6 Bb7 13. Bxg7 Kxg7 14.
d4 Nxd4 15. Nxd4 cxd4 16. Qxd4 Qc5 17. Qxc5 dxc5 18. Rfd1 Rfd8 19. f3 Rd4 20. Nb5 Rd7 21. Rxd7 Nxd7 22. Rd1 Ne5 23. b3 Kf8 24. f4 Nc6 25.
Rd7 a6 26. Nd6 Nd8 27. Rxd8+ Rxd8 28. Nxb7 Rd1+ 29. Kh2 Ke7 30. a5 bxa5 31. Nxc5 1-0

[Event "*** Titled Tuesday Blitz"]
[Site "Chess.com"]
[Date "2020.04.21"]
[Round "4"]
[White "Semen_Khanin"]
[Black "12teen"]
[Result "1/2-1/2"]
[WhiteElo "2624"]
[BlackElo "2758"]
[TimeControl "180+1"]
[EndTime "10:38:49 PDT"]
[Termination "Game drawn by repetition"]

1. e4 a6 2. d4 b5 3. Nf3 Bb7 4. Bd3 e6 5. O-O Nf6 6. Re1 d5 7. exd5 Qxd5 8. Nc3 Qh5 9. Ne4 Nbd7 10. Ng3 Bxf3 11. Nxh5 Bxd1 12. Nxf6+ Nxf6 13. Rxd1 c5 14. a4 b4 15. dxc5 Bxc5 16. a5 Ke7 17. Bf1 Ne4 18. Be3 Bxe3 19. fxe3 Nd6 20. Rd4 Rhb8 21. Rad1 Nf5 22.
Rd7+ Ke8 23. Kf2 Rc8 24. R1d2 Rxc2 25. Rxc2 Kxd7 26. Rc4 Rb8 27. Rc5 Kd6 28. Rc1 Ne7 29. Rd1+ Kc6 30. Rc1+ Kd6 31. Rd1+ Kc6 32. Rc1+ Kd6 1/2-1/2

[Event "*** Titled Tuesday Blitz"]
[Site "Chess.com"]
[Date "2020.04.21"]
[Round "4"]
[White "Bacyanide"]
[Black "Andrei_Belozerov"]
[Result "1-0"]
[WhiteElo "2421"]
[BlackElo "2600"]
[TimeControl "180+1"]
[EndTime "10:38:49 PDT"]
[Termination "Bacyanide won by checkmate"]

1. d4 d5 2. c4 c6 3. Nf3 Nf6 4. Nc3 dxc4 5. e4 b5 6. e5 Nd5 7.
Ne4 e6 8. Be2 Nd7 9. O-O c5 10.
a4 b4 11. Bxc4 Bb7 12. a5 Rc8 13. Bg5 Qc7 14. Rc1 Qxa5 15. Qd3 h6 16. Bh4 cxd4 17.
Qxd4 Nc5 18. Nd6+ Bxd6 19. exd6 O-O 20. Ne5 g5 21. Bg3 Rfd8 22. Ng4 Kh7 23. Bxd5 Bxd5 24.
Nf6+ Kg6 25. Nxd5 exd5 26. Qxd5 Qb6 27. Rfd1 Ne6 28. Rxc8 Rxc8 29. h4 Rd8 30. Qe4+ Kg7 31. Be5+ Kg8 32. Qf5 Qc5 33. Qf6 Kf8 34. Qh8# 1-0

[Event "*** Titled Tuesday Blitz"]
[Site "Chess.com"]
[Date "2020.04.21"]
[Round "4"]
[White "mamey78"]
[Black "szefru"]
[Result "1-0"]
[WhiteElo "2400"]
[BlackElo "2126"]
[TimeControl "180+1"]
[EndTime "10:38:51 PDT"]
[Termination "mamey78 won by resignation"]

1. e4 Nf6 2. e5 Nd5 3. d4 d6 4.
Bc4 c6 5. Ne2 g6 6. O-O Bg7 7.
f4 O-O 8. Ng3 e6 9. c3 dxe5 10.
fxe5 Nd7 11. Ne4 h6 12. Bb3 c5 13. Kh1 cxd4 14. cxd4 N7b6 15. Nbc3 Kh8 16. Qf3 f5 17. exf6 Nxf6 18. Bxh6 Nxe4 19. Bxg7+ Kxg7 20. Qxe4 Qd6 21. Bc2 e5 22. dxe5 Qe6 23. Rxf8 Kxf8 24. Rf1+ Kg7 25.
Rf6 1-0

[Event "*** Titled Tuesday Blitz"]
[Site "Chess.com"]
[Date "2020.04.21"]
[Round "4"]
[White "RoelandPruijssers"]
[Black "jaskol95"]
[Result "0-1"]
[WhiteElo "2601"]
[BlackElo "2390"]
[TimeControl "180+1"]
[EndTime "10:38:53 PDT"]
[Termination "jaskol95 won by resignation"]

1. e4 e6 2. d3 d5 3. Nd2 c5 4. Ngf3 Nc6 5. Be2 g6 6. exd5 exd5 7. d4 cxd4 8. Nb3 Bg7 9. Nfxd4 Nf6 10. O-O O-O 11. Nxc6 bxc6 12. Be3 Re8 13. Bd4 Bf5 14. Bd3 Bxd3 15. Qxd3 Ne4 16. c3 Qc7 17. f3 Nd6 18. Bxg7 Kxg7 19. Qd4+ Kg8 20. Rfe1 Nc4 21. Qf2 Qb6 22. Nc5 Qxb2 23. Qxb2 Nxb2 24. Rab1 Nc4 25. Rxe8+ Rxe8 26. Rb7 Re2 27. Rxa7 Ne3 28. Re7 Rxg2+ 29. Kh1 Re2 30. h4 Re1+ 31. Kh2 Nf1+ 32. Kg2 Rxe7 33. Kf2 0-1

[Event "*** Titled Tuesday Blitz"]
[Site "Chess.com"]
[Date "2020.04.21"]
[Round "4"]
[White "NTBT_DHS"]
[Black "Macron20hTF1"]
[Result "1-0"]
[WhiteElo "2626"]
[BlackElo "2412"]
[TimeControl "180+1"]
[EndTime "10:38:54 PDT"]
[Termination "NTBT_DHS won by checkmate"]

1. d4 g6 2. c4 Bg7 3. Nf3 d6 4. Nc3 c5 5. dxc5 Bxc3+ 6. bxc3 dxc5 7. Qxd8+ Kxd8 8. Be3 b6 9. h4 Nf6 10. Ne5 Be6 11. g3 Nbd7 12. O-O-O Rc8 13. Bh3 Bxh3 14. Rxh3 Ke8 15. Nd3 Ne4 16. Kc2 h5 17. f3 Nd6 18.
Nb2 Ne5 19. Kb3 Nc6 20. Bf4 Na5+ 21. Ka4 Naxc4 22. Nxc4 Nxc4 23. Kb5 Na5 24. Ka6 Rh7 25. e4 f6 26. e5 Rf7 27. e6 Rg7 28. Rh2 g5 29.
hxg5 fxg5 30. Rxh5 Kf8 31. Bxg5 Kg8 32. Rdh1 Rg6 33.
Rh8+ Kg7 34. R1h7# 1-0

[Event "*** Titled Tuesday Blitz"]
[Site "Chess.com"]
[Date "2020.04.21"]
[Round "4"]
[White "Gyapiking"]
[Black "qqwow"]
[Result "0-1"]
[WhiteElo "2313"]
[BlackElo "2547"]
[TimeControl "180+1"]
[EndTime "10:38:54 PDT"]
[Termination "qqwow won by resignation"]

1. c4 Nf6 2. g3 g6 3. Bg2 Bg7 4. Nc3 d6 5. e4 O-O 6. Nge2 c5 7. d3 Nc6 8. O-O Ne8 9. Be3 Nd4 10. f4 Rb8 11. a4 Nc7 12. Kh1 f5 13. Bg1 e5 14. fxe5 dxe5 15. Nxd4 cxd4 16. Nd5 Nxd5 17. cxd5 Qd6 18. Qb3 h5 19. Bf2 Kh7 20. Be1 Rf7 21. Bb4 Qf6 22. Rac1 f4 23. gxf4 exf4 24.
Rc4 Bg4 25. Bf3 Bxf3+ 26. Rxf3 g5 27. Bc5 g4 28. Bxd4 Qh4 29. Rf1 g3 30. Qc2 f3 31.
Kg1 Bxd4+ 32. Rxd4 Rg8 33. h3 Qxh3 0-1

[Event "*** Titled Tuesday Blitz"]
[Site "Chess.com"]
[Date "2020.04.21"]
[Round "4"]
[White "igorkovalenko"]
[Black "Biranidun"]
[Result "1-0"]
[WhiteElo "2881"]
[BlackElo "2716"]
[TimeControl "180+1"]
[EndTime "10:38:55 PDT"]
[Termination "igorkovalenko won by resignation"]

1. d4 Nf6 2. Nf3 g6 3. Bf4 Bg7 4. e3 O-O 5. h3 d6 6. c3 Nc6 7. Nbd2 Re8 8. Bh2 e5 9. Bb5 e4 10. Ng1 Bd7 11. Ba4 Ne7 12. Bb3 Nf5 13. Ne2 Nh4 14. Bg3 Nh5 15. O-O Qg5 16. Kh2 Nxg3 17.
fxg3 Nf5 18. Rf4 Nxe3 19. Bxf7+ Kh8 20. Qg1 Nd5 21. Bxe8 Nxf4 22. gxf4 Qe7 23. Bxd7 Qxd7 24. Nxe4 Re8 25. N4g3 h5 26. Qf2 h4 27. Nf1 Qe7 28.
Ng1 Bf6 29. Nd2 Qe2 30. Nxe2 Rxe2 31. Qxe2 1-0

[Event "*** Titled Tuesday Blitz"]
[Site "Chess.com"]
[Date "2020.04.21"]
[Round "4"]
[White "ZAbdumalik"]
[Black "lolo9292"]
[Result "1-0"]
[WhiteElo "2701"]
[BlackElo "2510"]
[TimeControl "180+1"]
[EndTime "10:38:55 PDT"]
[Termination "ZAbdumalik won by resignation"]

1. e4 g6 2. d4 Bg7 3. Nc3 d6 4. Nf3 Nc6 5. Bc4 e6 6. O-O h6 7. Re1 Nge7 8. a4 a6 9. h3 b6 10. d5 Ne5 11. Nxe5 dxe5 12. b3 O-O 13. Ba3 Qe8 14.
d6 cxd6 15. Qxd6 Nc6 16. Qc7 Nd4 17. Bd3 Bd7 18. Qxb6 Rb8 19. Qa5 Qc8 20. Bxa6 Qe8 21. Rac1 h5 22. Ne2 Nc6 23. Qd2 Nd4 24. Nxd4 exd4 25.
e5 Qd8 26. Bxf8 Qxf8 27. Qxd4 Bc6 28. Bb5 Bd5 29. c4 Ba8 30. Rcd1 Qa3 31. Rd3 Bf8 32.
Red1 Bc5 33. Qf4 Be7 34. Rd7 Qc5 35. Qd4 Qa3 36. Qa7 Re8 37. Rxe7 Qxe7 38. Qxe7 Rxe7 39. Rd8+ Kg7 40. Rxa8 Rc7 41. a5 Rc5 42. a6 1-0

[Event "*** Titled Tuesday Blitz"]
[Site "Chess.com"]
[Date "2020.04.21"]
[Round "4"]
[White "CraiggoryC"]
[Black "Quattroporte300"]
[Result "0-1"]
[WhiteElo "2058"]
[BlackElo "2278"]
[TimeControl "180+1"]
[EndTime "10:38:55 PDT"]
[Termination "Quattroporte300 won by resignation"]

1. e4 e5 2. Nc3 Nf6 3. g3 d5 4. exd5 Nxd5 5. Bg2 Nxc3 6. bxc3 Nc6 7. Nf3 Bc5 8. O-O O-O 9. Re1 Qf6 10. d3 h6 11.
Be3 Bb6 12. Nd2 Qg6 13. a4 Bg4 14. f3 Be6 15. a5 Bxe3+ 16. Rxe3 Rae8 17. a6 b6 18. Qe2 Bd5 19. f4 Bxg2 20. Qxg2 exf4 21.
Rxe8 Rxe8 22. Ra4 fxg3 23. hxg3 Re3 24. Re4 Rxg3 0-1

[Event "*** Titled Tuesday Blitz"]
[Site "Chess.com"]
[Date "2020.04.21"]
[Round "4"]
[White "mortngabriel"]
[Black "nekotyanof"]
[Result "1-0"]
[WhiteElo "2452"]
[BlackElo "2254"]
[TimeControl "180+1"]
[EndTime "10:38:57 PDT"]
[Termination "mortngabriel won by resignation"]

1. e4 c5 2. Nf3 Nc6 3. d4 cxd4 4. Nxd4 Nf6 5. Nc3 e5 6. Ndb5 d6 7. Bg5 a6 8. Na3 b5 9. Nd5 Be7 10. Bxf6 gxf6 11. c4 b4 12. Nc2 a5 13. Qh5 Be6 14. g3 Qc8 15. Nb6 Qb7 16. Nxa8 Qxa8 17. f3 a4 18. b3 Na5 19. Bh3 Bxh3 20. Qxh3 Qb7 21. O-O axb3 22. axb3 Nxb3 23. Rab1 Qa7+ 24. Rf2 Nd2 25. Qc8+ Bd8 26. Qc6+ Ke7 27. Rxb4 Nxf3+ 28. Kg2 Qc5 29. Qxc5 dxc5 30. Rb7+ Ke6 31. Kxf3 Ba5 32. Ne3 Rc8 33. Nf5 Bd8 34. Rd2 1-0

[Event "*** Titled Tuesday Blitz"]
[Site "Chess.com"]
[Date "2020.04.21"]
[Round "4"]
[White "avocadosheena"]
[Black "FROGGY64"]
[Result "0-1"]
[WhiteElo "2129"]
[BlackElo "2404"]
[TimeControl "180+1"]
[EndTime "10:38:58 PDT"]
[Termination "FROGGY64 won on time"]

1. d4 d5 2. c4 c6 3. cxd5 cxd5 4.
Nc3 Nc6 5. Bf4 Nf6 6. e3 a6 7. Be2 Bf5 8. Nf3 e6 9. Qb3 b5 10. Nxb5 Bb4+ 11. Nc3 O-O 12. O-O Qe7 13. Ne5 Na5 14.
Qd1 Rfc8 15. Rc1 Nd7 16. Na4 Nxe5 17. Bxe5 Qb7 18. Rxc8+ Rxc8 19. Bd3 Bxd3 20. Qxd3 f6 21. Bg3 Nc4 22. b3 Na3 23. h3 Rc2 24. Nc5 Bxc5 25.
dxc5 Qb5 26. Qxb5 axb5 27. c6 Rxc6 28. Ra1 Rc2 29. Kf1 e5 30. Ke1 Kf7 31. Kd1 Ke6 32. Bh4 g5 33. Bg3 h5 34. Rc1 Rxa2 35. Rc6+ Kf5 0-1

[Event "*** Titled Tuesday Blitz"]
[Site "Chess.com"]
[Date "2020.04.21"]
[Round "4"]
[White "DucksParadise"]
[Black "Corpescador"]
[Result "0-1"]
[WhiteElo "2069"]
[BlackElo "2392"]
[TimeControl "180+1"]
[EndTime "10:39:00 PDT"]
[Termination "Corpescador won on time"]

1. e4 c5 2. Nf3 d6 3. d4 cxd4 4. Nxd4 Nf6 5. Nc3 a6 6. Bg5 Nbd7 7. Qe2 h6 8. Bh4 g6 9. O-O-O e5 10. Nb3 Qc7 11. Kb1 b5 12. f3 Bb7 13. g4 b4 14. Nd5 Bxd5 15. exd5 Bg7 16. Bf2 O-O 17. h4 a5 18. g5 Nh5 19. Qe3 Rfc8 20. Rc1 hxg5 21.
hxg5 a4 22. Nd2 b3 23. Ne4 bxc2+ 24. Ka1 a3 25. b3 Nc5 0-1

[Event "*** Titled Tuesday Blitz"]
[Site "Chess.com"]
[Date "2020.04.21"]
[Round "4"]
[White "joppie2"]
[Black "KhamzinOlzhas"]
[Result "1-0"]
[WhiteElo "2926"]
[BlackElo "2548"]
[TimeControl "180+1"]
[EndTime "10:39:01 PDT"]
[Termination "joppie2 won by resignation"]

1. e4 c5 2. Nf3 d6 3. c3 Nf6 4. Bc4 Nc6 5. d4 cxd4 6. cxd4 e6 7. d5 exd5 8. exd5 Na5 9. Bd3 b6 10. O-O Be7 11. Nc3 O-O 12. b4 Nb7 13. Nd4 Qd7 14. Re1 Re8 15. Bb5 Qc7 16. Bb2 Bd7 17. Bc6 a6 18. Rc1 Rad8 19. Qa4 Ra8 20. Ne4 b5 21. Nxb5 axb5 22. Qxb5 Bxc6 23. dxc6 Nd8 24. Bxf6 Ne6 25. Bxe7 Rxe7 26. Nc3 Qa7 27. Nd5 Ree8 28. c7 Qxa2 29. Qxe8+ Rxe8 30. c8=Q 1-0

[Event "*** Titled Tuesday Blitz"]
[Site "Chess.com"]
[Date "2020.04.21"]
[Round "4"]
[White "blobica"]
[Black "WIDBIFS"]
[Result "0-1"]
[WhiteElo "2528"]
[BlackElo "2772"]
[TimeControl "180+1"]
[EndTime "10:39:02 PDT"]
[Termination "WIDBIFS won on time"]

1. e4 g6 2. d4 Bg7 3. Nc3 c6 4. Be3 d5 5. Nf3 Bg4 6. Be2 Nf6 7. e5 Nfd7 8. Nb1 e6 9. c3 Bxf3 10. gxf3 c5 11. h4 h5 12. Na3 a6 13. Qd2 Nc6 14.
Bg5 Qc7 15. Nc2 b5 16. O-O O-O 17. Bh6 Rfc8 18. Bxg7 Kxg7 19. Ne3 Qd8 20. Ng2 cxd4 21. cxd4 Qe7 22. a3 Rc7 23. Rac1 Rac8 24. f4 Nb6 25. Kh2 Nc4 26. Bxc4 dxc4 27. d5 exd5 28. Qxd5 Rd8 29. Qe4 Nd4 30. Rce1 Nf5 31. Kh3 Rd3+ 32. Kh2 Nxh4 33.
Ne3 Rd4 34. Qh1 Rcd7 35. Rg1 Rxf4 36. Nd5 Rxd5 37. Qxd5 Nf3+ 0-1

[Event "*** Titled Tuesday Blitz"]
[Site "Chess.com"]
[Date "2020.04.21"]
[Round "4"]
[White "Raja3401"]
[Black "Cubitas"]
[Result "1-0"]
[WhiteElo "2700"]
[BlackElo "2508"]
[TimeControl "180+1"]
[EndTime "10:39:02 PDT"]
[Termination "Raja3401 won by resignation"]

1. e4 c5 2. Nf3 Nc6 3. Bb5 e6 4. O-O Nge7 5. Re1 a6 6. Bf1 d5 7. exd5 Nxd5 8. d4 Nf6 9. Be3 cxd4 10. Nxd4 Bd7 11. c4 Bb4 12. Nc3 O-O 13. Rc1 Rc8 14.
a3 Be7 15. h3 Ne5 16. Qb3 Qc7 17. Red1 Nxc4 18. Bxc4 Qxc4 19. Qxb7 Rb8 20. Qf3 Rxb2 21.
Nf5 exf5 22. Nd5 Qe4 23. Qxe4 fxe4 24. Nxe7+ Kh8 25. Rd6 Be6 26. Rxa6 Nd5 27. Nxd5 Bxd5 28. Rc5 Be6 29. Re5 Bc4 30. Ra7 f5 31. Ree7 f4 32. Bd4 Rb1+ 33. Kh2 1-0

[Event "*** Titled Tuesday Blitz"]
[Site "Chess.com"]
[Date "2020.04.21"]
[Round "4"]
[White "Zubrrr"]
[Black "Majesth"]
[Result "1-0"]
[WhiteElo "2684"]
[BlackElo "2501"]
[TimeControl "180+1"]
[EndTime "10:39:02 PDT"]
[Termination "Zubrrr won by resignation"]

1. c4 e5 2. g3 Nc6 3. Nc3 d6 4. Bg2 Be6 5. d3 Qd7 6. Rb1 g6 7. b4 Bg7 8. b5 Nd8 9. Bd2 f5 10. Nf3 Nf6 11. O-O h6 12. Ne1 f4 13. gxf4 exf4 14.
Bxf4 Nh5 15. Bd2 Bh3 16. Ne4 O-O 17. e3 Bxg2 18. Kxg2 Ne6 19. f4 Kh7 20. Kh1 d5 21.
cxd5 Qxd5 22. Qb3 Qf5 23. Rg1 Rae8 24. Qc4 Qh3 25. Nf2 Qh4 26. Rg2 Ng5 27. fxg5 Rxf2 28.
Qxh4 Rf1+ 29. Rg1 1-0